 Dungeon Crawl Stone Soup version 0.24-a0-509-ga1643a6788 (webtiles) character file.

Game seed: 15871293033627403786

10329 Arthanis the Cleaver (level 11, -2/72 HPs)
             Began as a Gargoyle Berserker on July 19, 2019.
             Was a High Priest of Trog.
             Slain by an orc knight
             ... wielding a +0 rapier
              (20 damage)
             ... on level 10 of the Dungeon.
             The game lasted 00:13:48 (7996 turns).

Arthanis the Cleaver (Gargoyle Berserker)           Turns: 7996, Time: 00:13:48

Health: -2/72      AC: 23    Str: 22    XL:     11   Next: 60%
Magic:  14/14      EV:  8    Int: 10    God:    Trog [*****.]
Gold:   510        SH:  0    Dex:  9    Spells: 10/10 levels left

rFire    . . .     SeeInvis .   U - +4 executioner's axe (venom)
rCold    . . .     Gourm    .   (shield currently unavailable)
rNeg     + . .     Faith    .   P - +0 plate armour
rPois    ∞         Spirit   .   (no helmet)
rElec    +         Reflect  .   C - +0 cloak
rCorr    .         Harm     .   (no gloves)
MR       +++..                  n - +0 pair of boots
Stlth    ..........             J - amulet of the acrobat
HPRegen  1.22/turn              j - ring of protection from magic
MPRegen  0.14/turn              p - +3 ring of slaying

@: berserk cooldown, regenerating, slowed, very slow
A: negative energy resistance 1, electricity resistance, unbreathing,
petrification resistance, rot immunity, AC +8
a: Berserk, Trog's Hand, Brothers in Arms, Renounce Religion


You were on level 10 of the Dungeon.
You worshipped Trog.
Trog was extremely pleased with you.
You were hungry.

You visited 1 branch of the dungeon, and saw 10 of its levels.
You also visited: Sewer.

You collected 510 gold pieces.

Inventory:

Hand Weapons
 a - a +0 hand axe
 s - a cursed -3 spear
 A - a +0 war axe
 G - a +0 trident of flaming
 O - a +0 battleaxe
 U - a +4 executioner's axe of venom (weapon)
Missiles
 V - 2 throwing nets (quivered)
Armour
 b - a +0 animal skin
 n - a +0 pair of boots (worn)
 r - a +0 chain mail
 C - a +0 cloak (worn)
 P - a +0 plate armour (worn)
Jewellery
 d - an uncursed amulet of magic regeneration
 j - a ring of protection from magic (left hand)
 p - a +3 ring of slaying (right hand)
 B - an uncursed ring of wizardry
 J - an amulet of the acrobat (around neck)
 Q - an uncursed ring of protection from magic
Wands
 F - a wand of paralysis (21)
 L - a wand of enslavement (14)
 R - a wand of random effects (25)
 S - a wand of disintegration (18)
 T - a wand of iceblast (10)
Scrolls
 f - 6 scrolls of remove curse
 i - 6 scrolls of teleportation
 k - a scroll of noise {unknown}
 m - a scroll of fear {unknown}
 o - a scroll of amnesia {unknown}
 q - 2 scrolls of enchant weapon {unknown}
 u - a scroll of blinking {unknown}
 y - 7 scrolls of identify
 z - 3 scrolls of immolation {unknown}
 D - a scroll of magic mapping {unknown}
 E - 3 scrolls of enchant armour {unknown}
 H - a scroll of torment {unknown}
 K - a scroll of fog {unknown}
 N - 3 scrolls of random uselessness {unknown}
 W - a scroll of acquirement {unknown}
Potions
 e - 3 potions of degeneration {unknown}
 g - a potion of mutation
 h - 2 potions of cancellation {unknown}
 l - 5 potions of heal wounds
 t - a potion of ambrosia {unknown}
 v - 3 potions of curing {unknown}
 w - 5 potions of flight {unknown}
 x - 4 potions of haste {unknown}
 I - a potion of brilliance {unknown}
Comestibles
 c - 15 rations
 M - 7 chunks of flesh


   Skills:
 + Level 10.2 Fighting
 * Level 11.7 Axes
 + Level 7.1 Armour
 + Level 3.4 Dodging
 + Level 5.1 Evocations


You had 10 spell levels left.
You didn't know any spells.
Your spell library contained the following spells:

 Spells                   Type           Power        Failure   Level  Hunger
 Bolt of Magma            Conj/Fire/Erth #.........   100%        5    ######.
 Iskenderun's Battlesphe  Conj/Chrm      #.......     100%        5    ######.
 Venom Bolt               Conj/Pois      #.........   100%        5    ######.
 Iron Shot                Conj/Erth      #.........   100%        6    #######
 Orb of Destruction       Conj           #.........   100%        7    #######
 Spellforged Servitor     Conj/Summ      #.........   100%        7    #######


Dungeon Overview and Level Annotations

Branches:
Dungeon (10/15)            Temple (0/1) D:4             Orc (0/2) D:9
   Lair: D:8-11

Altars:
Dithmenos
Fedhas
Gozag
Hepliaklqana
Kikubaaqudgha
Makhleb
Okawaru
Ru
Sif Muna
Uskayaw
Xom
Zin
The Shining One

Annotations:
D:8 3 runed translucent doors
D:10 Erica, Urug


Innate Abilities, Weirdness & Mutations

You are resistant to torment.
Your stone body is resilient. (AC +8)
You are immune to poison.
You resist negative energy. (rN+)
You are resistant to electric shocks. (rElec)
You can survive without breathing.
You are immune to petrification.
You are immune to rotting.


Message History

Something hits you but does no damage.
You miss the orc knight.
The orc knight is almost dead.
You barely miss something.
The orc knight hits you with a +0 rapier!!
* * * LOW HITPOINT WARNING * * *
You kill the orc knight!
Trog accepts your kill.
You feel a strong urge to attack something.
You are no longer berserk.
You are exhausted.
You feel yourself slow down.
As you read the scroll labeled CUDUSACOGI, it crumbles to dust.
It is a scroll of identify.
i - 6 scrolls of teleportation Something hits you but does no damage.
Urug throws a silver javelin.
The silver javelin pierces through you.
* * * LOW HITPOINT WARNING * * *
x2 The orc knight hits you with a +0 rapier!!
You die...

......................
......................
#####..#######..###### #
#..# #..# # #..# #..#
#####..#######..# .# #
................######.....
..........................
##############.(@.......#
#..o{####..# #..#...)(..#
#.%#.).....# ....#..###o.#
.....#..#(#.....
..##...#..###..... .
##..#..........
#..#..........


You could see an orc knight, Urug and a +5 great sword.

Vanquished Creatures
  Erolcha (D:9)
  Harold (D:9)
  A death yak (D:9)
  A deep elf knight (D:10)
  An unseen horror (D:10)
  An orc knight (D:10)
  Psyche (D:9)
  2 polar bears (D:9)
  Prince Ribbit (D:6)
  A human (D:9)
  4 hogs (D:9)
  A hungry ghost (D:7)
  Edmund (D:6)
  Duvessa (D:5)
  2 water moccasins (D:10)
  5 orc warriors
  An ice beast (D:9)
  Purgy (D:3)
  3 sky beasts
  A black bear (D:9)
  5 ogres
  A wolf (D:9)
  A necrophage (D:7)
  4 centaurs
  3 big kobolds
  6 bullfrogs
  Blork the orc (D:5)
  A wyvern zombie (D:10)
  Dowan (D:5)
  3 scorpions
  5 wights (D:10)
  2 howler monkeys
  An electric eel (D:9)
  A bullfrog zombie (D:8)
  2 crimson imps
  A quasit (D:8)
  4 orc priests
  8 hounds
  8 orc wizards
  3 jellies
  Jessica (D:3)
  A bullfrog skeleton (D:5)
  5 worker ants
  An iguana (D:7)
  A killer bee zombie (D:8)
  A bullfrog simulacrum (D:9)
  A centaur simulacrum (D:9)
  A hound zombie (D:5)
  15 adders
  2 river rats (Sewer)
  A shadow imp (D:7)
  4 white imps (D:9)
  3 ufetubi (D:9)
  3 oozes
  An adder zombie (D:9)
  3 worms (D:3)
  A dart slug (D:1)
  An adder simulacrum (D:9)
  5 leopard geckos
  36 orcs
  8 bats
  2 bat zombies (D:7)
  2 giant cockroaches
  5 goblins
  11 hobgoblins
  8 jackals
  13 kobolds
  3 quokkas
  2 ball pythons
  4 frilled lizards
  A leopard gecko skeleton (D:7)
  A quokka skeleton (D:8)
  17 rats
  2 rat zombies (D:7)
258 creatures vanquished.

Vanquished Creatures (others)
  5 toadstools (D:1)
5 creatures vanquished.

Grand Total: 263 creatures vanquished

Notes
Turn   | Place    | Note
-------+----------+-------------------------------------------
     0 | D:1      | Arthanis the Gargoyle Berserker began the quest for the
                  | Orb.
     0 | D:1      | Reached XP level 1. HP: 14/14 MP: 1/1
   180 | D:1      | Reached XP level 2. HP: 19/19 MP: 2/2
   228 | D:1      | Reached skill level 3 in Axes
   387 | D:1      | Reached XP level 3. HP: 18/23 MP: 3/3
   657 | D:1      | Reached ** piety under Trog
  1168 | D:2      | Reached XP level 4. HP: 28/29 MP: 4/4
  1265 | D:2      | Found a sacrificial altar of Ru.
  1267 | D:2      | Found a shadowy altar of Dithmenos.
  1267 | D:2      | Found an opulent altar of Gozag.
  1269 | D:2      | Found a deep blue altar of Sif Muna.
  1269 | D:2      | Found a shimmering altar of Xom.
  1269 | D:2      | Found a hide-covered altar of Uskayaw.
  1804 | D:3      | Noticed Purgy
  1813 | D:3      | Killed Purgy
  1813 | D:3      | Reached skill level 4 in Axes
  1813 | D:3      | Reached XP level 5. HP: 33/33 MP: 5/5
  1833 | D:3      | Found a glowing drain.
  1863 | Sewer    | Entered a sewer
  1929 | Sewer    | Noticed a big kobold
  1939 | Sewer    | Killed a big kobold
  1939 | Sewer    | Reached XP level 6. HP: 39/39 MP: 6/6
  2064 | Sewer    | Reached *** piety under Trog
  2118 | Sewer    | Reached skill level 5 in Axes
  2492 | D:3      | Noticed Jessica
  2501 | D:3      | Killed Jessica
  2918 | D:4      | Found a burning altar of Makhleb.
  2918 | D:4      | Noticed a green death
  2922 | D:4      | Found a glowing silver altar of Zin.
  2923 | D:4      | Noticed an angel
  2935 | D:4      | Found a staircase to the Ecumenical Temple.
  3135 | D:4      | Found a deep blue altar of Sif Muna.
  3561 | D:4      | Reached skill level 5 in Fighting
  3561 | D:4      | Reached XP level 7. HP: 44/44 MP: 7/7
  3655 | D:5      | Entered Level 5 of the Dungeon
  3670 | D:5      | Noticed Duvessa
  3671 | D:5      | Noticed Dowan
  3680 | D:5      | Killed Dowan
  3689 | D:5      | Killed Duvessa
  3783 | D:5      | Reached skill level 6 in Axes
  3886 | D:5      | Reached skill level 5 in Armour
  3886 | D:5      | Reached XP level 8. HP: 47/51 MP: 8/8
  4020 | D:5      | Noticed Blork the orc
  4026 | D:5      | Killed Blork the orc
  4174 | D:5      | Found a hazy altar of Hepliaklqana.
  4330 | D:6      | Reached **** piety under Trog
  4345 | D:6      | Found an iron altar of Okawaru.
  4461 | D:6      | Found a blossoming altar of Fedhas.
  4484 | D:6      | Reached skill level 7 in Axes
  4562 | D:6      | Noticed Edmund
  4597 | D:6      | Killed Edmund
  4778 | D:6      | Noticed Prince Ribbit
  4795 | D:6      | Killed Prince Ribbit
  4795 | D:6      | Reached XP level 9. HP: 43/57 MP: 9/9
  4810 | D:6      | Reached skill level 8 in Axes
  5052 | D:7      | Found an opulent altar of Gozag.
  5473 | D:7      | Found an ancient bone altar of Kikubaaqudgha.
  5592 | D:7      | Reached skill level 9 in Axes
  5652 | D:7      | Reached skill level 1 in Evocations
  6190 | D:8      | Reached ***** piety under Trog
  6331 | D:8      | Found a runed translucent gate.
  6331 | D:8      | Found a runed translucent gate.
  6331 | D:8      | Noticed a brown ugly thing
  6331 | D:8      | Noticed a green very ugly thing
  6332 | D:8      | Noticed a red ugly thing
  6333 | D:8      | Found a runed translucent gate.
  6333 | D:8      | Noticed a cyan ugly thing
  6334 | D:8      | Noticed a green ugly thing
  6334 | D:8      | Noticed a cyan ugly thing
  6437 | D:8      | Found a sacrificial altar of Ru.
  6505 | D:8      | Reached XP level 10. HP: 36/65 MP: 11/11
  6830 | D:9      | Noticed Psyche
  6837 | D:9      | Killed Psyche
  6844 | D:9      | Received a gift from Trog
  6844 | D:9      | Reached skill level 10 in Axes
  7078 | D:9      | Found a glowing golden altar of the Shining One.
  7242 | D:9      | Found a shadowy altar of Dithmenos.
  7263 | D:9      | Found a staircase to the Orcish Mines.
  7322 | D:9      | Received a gift from Trog
  7397 | D:9      | Noticed a death yak
  7402 | D:9      | Killed a death yak
  7402 | D:9      | Reached skill level 11 in Axes
  7402 | D:9      | Reached XP level 11. HP: 56/72 MP: 14/14
  7540 | D:9      | Noticed Harold
  7553 | D:9      | Killed Harold
  7572 | D:9      | Noticed Erolcha
  7581 | D:9      | Killed Erolcha
  7581 | D:9      | Reached skill level 10 in Fighting
  7802 | D:10     | Entered Level 10 of the Dungeon
  7917 | D:10     | Killed an unseen horror
  7977 | D:10     | Noticed an orc knight
  7978 | D:10     | Noticed a deep elf knight
  7978 | D:10     | Noticed Erica
  7981 | D:10     | Noticed a +5 great sword
  7985 | D:10     | Noticed an orc knight
  7990 | D:10     | Killed a deep elf knight
  7990 | D:10     | Reached skill level 5 in Evocations
  7990 | D:10     | Noticed Urug
  7993 | D:10     | Killed an orc knight
  7996 | D:10     | Slain by an orc knight

Levels and vault maps discovered:
D:1:      ldierk_walled_garden, layout_loops_corners, serial_rivers,
          chequers_serial_rivers_small_3, chequers_serial_rivers_room_a,
          chequers_serial_rivers_small_3, chequers_serial_rivers_micro_e,
          minmay_rat_gold_closets
D:2:      layout_rooms, first_ration, doesnt_xom_only_xom
D:3:      layout_loops_corners, cheibrodos_sewer_entry_bend,
          minmay_misc_feat_secret_circle, uniq_jessica, uniq_purgy
D:4:      layout_loops_corners, grunt_temple_overflow_order_and_chaos_2,
          lemuel_coloured_pillars_altar, minmay_temple_entry_mist
D:5:      layout_loops_ring, lemuel_crystal_altar, uniq_blork_the_orc,
          uniq_duvessa
D:6:      layout_loops_cross, nicolae_overflow_crystal_walls,
          okawaru_metal_pillars_1_2, lemuel_flame_loot_1, uniq_prince_ribbit1,
          uniq_edmund
D:7:      layout_cave_pods, nicolae_gozag_cash_rules_everything_around_me,
          lemuel_zombie_altar_kikubaaqudgha
D:8:      layout_basic, nicolae_ru_the_path_less_chosen,
          ploomutoo_gammafunk_ghost_potion_laboratory
D:9:      layout_basic, nicolae_dithmenos_the_darkroom, tso_metal_star,
          orc_0_dummy, serial_ice, serial_ice_i, serial_ice_n, serial_ice_c,
          serial_ice_o, serial_ice_g, serial_ice_a, grunt_livestock,
          uniq_erolcha, uniq_harold, uniq_psyche
D:10:     kennysheep_spiral_hall, layout_small_grid, lair_entry_dummy,
          sword_in_stone

Skill      XL: |  1  2  3  4  5  6  7  8  9 10 11 |
---------------+----------------------------------+-----
Axes           | 3 4 5 6 7 9 11 | 11.7
Dodging        | 2 3 |  3.4
Armour         | 3 4 5 6 7 |  7.1
Fighting       | 4 5 7 8 9 10 | 10.2
Evocations     | 2 4 5 |  5.1

Action                   |  1- 3 |  4- 6 |  7- 9 | 10-12 || total
-------------------------+-------+-------+-------+-------++-------
Melee: Hand axe          |   101 |   190 |       |       ||   291
       War axe           |       |     6 |   346 |    89 ||   441
       Unarmed           |       |       |       |    15 ||    15
       Executioner's axe |       |       |       |    61 ||    61
Invok: Berserk           |       |     4 |     5 |     5 ||    14
       Trog's Hand       |       |       |     1 |     3 ||     4
  Use: Scroll            |       |       |       |     2 ||     2
 Stab: Sleeping          |     3 |       |       |       ||     3
  Eat: Chunk             |     1 |    10 |    14 |    10 ||    35
       Ration            |       |       |     1 |       ||     1
Armor: Animal skin       |    55 |    17 |       |       ||    72
       Chain mail        |       |    90 |   237 |     2 ||   329
       Plate armour      |       |       |       |   156 ||   156
       Skin              |       |       |       |     4 ||     4
Dodge: Dodged            |    63 |    84 |   138 |   103 ||   388

Table legend:
 A = Non-vault XP
 B = Vault XP
 C = Vault XP percentage of total XP
 D = Non-vault monster count
 E = Vault monster count
 F = Vault count percentage of total count
                 A         B        C        D         E       F
            +---------+---------+-------+---------+---------+-------
      Total |    6828 |    7928 |  53.7 |     200 |      58 |  22.5
            +---------+---------+-------+---------+---------+-------
        D:1 |      44 |       5 |  10.2 |      22 |       5 |  18.5
        D:2 |      79 |       0 |   0.0 |      19 |       0 |   0.0
        D:3 |      42 |     177 |  80.8 |      15 |       4 |  21.1
        D:4 |     136 |       0 |   0.0 |       6 |       0 |   0.0
        D:5 |     555 |     307 |  35.6 |      21 |       3 |  12.5
        D:6 |     623 |     460 |  42.5 |      18 |       2 |  10.0
        D:7 |    1189 |       6 |   0.5 |      23 |       4 |  14.8
        D:8 |     923 |       0 |   0.0 |      28 |       0 |   0.0
        D:9 |    1433 |    5265 |  78.6 |      30 |      23 |  43.4
       D:10 |    1804 |    1453 |  44.6 |      18 |       2 |  10.0
      Sewer |       0 |     255 | 100.0 |       0 |      15 | 100.0
            +---------+---------+-------+---------+---------+-------
